 Dungeon Crawl Stone Soup version 0.31.0-12-g77e489cdc1 (webtiles) character file.

Game seed: 16970863015268512039

5 grmbl the Conjurer (level 1, -1/11 HPs)
             Began as an Octopode Conjurer on Feb 19, 2024.
             Slain by a jackal (3 damage)
             ... on level 1 of the Dungeon.
             The game lasted 00:00:45 (234 turns).

grmbl the Conjurer (Octopode Conjurer)               Turns: 234, Time: 00:00:46

Health: -1/11      AC:  1    Str:  6    XL:     1   Next: 80%
Magic:  0/3        EV: 13    Int: 20    God:
Gold:   0          SH:  0    Dex: 10    Spells: 3/4 levels left

rFire   . . .        (no weapon)
rCold   . . .        (no shield)
rNeg    . . .        (helmet restricted)
rPois   .            (no amulet)
rElec   .            (no ring)
rCorr   .            (no ring)
SInv    .            (no ring)
Will    .....        (no ring)
Stlth   +++          (no ring)
HPRegen 0.21/turn    (no ring)
MPRegen 0.08/turn    (no ring)
                     (no ring)

%: no passive effects
@: no status effects
A: almost no armour, amphibious, 8 rings, camouflage 1, gelatinous body 1,
(nimble swimmer 1), tentacles
a: no special abilities


You were on level 1 of the Dungeon.
You visited 1 branch of the dungeon, and saw 1 of its levels.

Inventory:

Potions
 a - a potion of magic
 b - a potion of mutation {unknown}


   Skills:
 - Level 2.0 Dodging
 + Level 2.6 Stealth
 + Level 2.1 Spellcasting
 * Level 4.2 Conjurations


You had 3 spell levels left.
You knew the following spells:

 Your Spells              Type           Power      Damage    Failure   Level
a - Magic Dart            Conj           76%        1d6       2%          1

Your spell library contained the following spells:

 Spells                   Type           Power      Damage    Failure   Level
 Searing Ray              Conj           38%        2d5       4%          2
 Ensorcelled Hibernation  Hex/Ice        4%         N/A       24%         2
 Passwall                 Erth           2%         N/A       43%         3
 Swiftness                Air            2%         N/A       43%         3
 Fulminant Prism          Conj/Alch      5%         3d7       54%         4
 Iskenderun's Mystic Bla  Conj/Tloc      10%        2d4       54%         4


Dungeon Overview and Level Annotations

Branches:
Dungeon (1/15)

Altars:


Innate Abilities, Weirdness & Mutations

You cannot wear most types of armour.
You are amphibious.
You can wear up to eight rings at the same time.
Your skin changes colour to match your surroundings (Stealth+).
Your rubbery body absorbs attacks. (AC +1, EV +1)
((You are camouflaged when in or above water. (Stealth+)))
You have tentacles for arms and can constrict up to eight enemies at once.


Message History

The jackal attacks as it pursues you! The jackal closely misses you.
You don't have enough magic to cast this spell.
Unknown command.
The jackal attacks as it pursues you! The jackal barely misses you.
The jackal closely misses you.
You don't have enough magic to cast this spell.
Unknown command.
The jackal attacks as it pursues you! The jackal bites you.
The jackal barely misses you. The jackal misses you.
The jackal barely misses you. The jackal misses you.
The jackal attacks as it pursues you! The jackal closely misses you.
The jackal completely misses you. The jackal attacks as it pursues you!
The jackal barely misses you.
The jackal bites you. x2; The jackal misses you.
Aiming: Magic Dart (safe; 2% risk of failure)
Press: ? - help, Q - select action Shift-Dir - straight line, f - jackal
Aim: a jackal (100% to hit)
The magic dart hits the jackal.
The jackal is heavily wounded.
The jackal bites you. The jackal closely misses you. The jackal bites you.
* * * LOW HITPOINT WARNING * * *
Aiming: Magic Dart (safe; 2% risk of failure)
Press: ? - help, Q - select action Shift-Dir - straight line, f/p - jackal
Aim: a jackal (heavily wounded, 100% to hit)
The magic dart hits the jackal.
The jackal is severely wounded.
The jackal bites you.
* * * LOW HITPOINT WARNING * * *
The jackal closely misses you.
You tentacle-slap the jackal but do no damage.
Your grab misses the jackal.
The jackal is severely wounded.
The jackal barely misses you. The jackal closely misses you.
The jackal completely misses you.
You closely miss the jackal. You grab the jackal. You squeeze the jackal.
You kill the jackal!
The jackal bites you.
You die...

#.#.# #.# #.# #.#.# #.# #.# #.#.#
#.# #.# #.#.# #.####### ###
#####.# #.#.# #.#...... ..
#...#.#######.#.#####.#......
..#.#.#.................'......
###.#....)#######h#.....#.#......
....#..........†@.#####.#.#......
.......##.######### #.#.#......
........#.# #.#.#......
#####.#.#.# #.#.#......
........#.# #.#.#......
.#####..#.# #)#.#######
........#.# #.####### ######.##.#
#........ ..........# ##.#######


You could see a jackal.

Vanquished Creatures
  A goblin (D:1)
  2 jackals (D:1)
  3 bats (D:1)
  A kobold (D:1)
7 creatures vanquished.

Notes
Turn   | Place    | Note
-------+----------+-------------------------------------------
     0 | D:1      | grmbl the Octopode Conjurer began the quest for the Orb.
     0 | D:1      | Reached XP level 1. HP: 11/11 MP: 3/3
   234 | D:1      | Slain by a jackal

Illustrated notes

Levels and vault maps discovered:
D:1:      enne_arrival_octagon_isle, layout_basic

Action                     || total
---------------------------++-------
  Melee: Unarmed           ||     2
         Constrict         ||     1
         Tentacles         ||     1
   Cast: Magic Dart        ||    12
 Armour: Skin              ||    11
  Dodge: Dodged            ||    20
